 Dungeon Crawl Stone Soup version 0.27-a0-1312-g5cdb2b3542 (webtiles) character file.

Game seed: 15853826503932926988

65 Delamore the Skirmisher (level 4, -4/37 HPs)
             Began as a Formicid Fighter on June 19, 2021.
             Slain by a gnoll (10 damage)
             ... on level 2 of the Dungeon.
             The game lasted 00:01:43 (1567 turns).

Delamore the Skirmisher (Formicid Fighter)          Turns: 1567, Time: 00:01:44

Health: -4/37      AC:  6    Str: 22    XL:     4   Next: 35%
Magic:  4/4        EV:  8    Int:  7    God:
Gold:   59         SH: 10    Dex: 10    Spells: 3/3 levels left

rFire    . . .     SeeInvis +   a - +0 trident
rCold    . . .     Faith    .   c - +1 kite shield
rNeg     . . .     Spirit   .   b - +0 scale mail
rPois    .         Reflect  .   (helmet unavailable)
rElec    .         Harm     .   (no cloak)
rCorr    .         Rampage  .   (no gloves)
Will     .....                  (no boots)
Stlth    ..........             (no amulet)
HPRegen  0.12/turn              i - ring of flight
MPRegen  0.09/turn              (no ring)

@: flying
A: permanent stasis, dig shafts and tunnels, antennae 3, four strong arms
a: Dig, Shaft Self


You were on level 2 of the Dungeon.
You visited 1 branch of the dungeon, and saw 2 of its levels.

You collected 59 gold pieces.

Inventory:

Hand Weapons
 a - a +0 trident (weapon)
Armour
 b - a +0 scale mail (worn)
 c - a +1 kite shield (worn)
Jewellery
 h - a ring of wizardry
 i - a ring of flight (left hand)
Scrolls
 f - a scroll of identify
Potions
 d - 2 potions of might
 e - a potion of brilliance


   Skills:
 + Level 4.0 Fighting
 * Level 3.7 Polearms
 - Level 3.2 Armour
 - Level 3.6 Shields


You had 3 spell levels left.
You didn't know any spells.
Your spell library contained the following spells:

 Spells                   Type           Power      Damage    Failure   Level
 Beastly Appendage        Tmut           0%         N/A       98%         1
 Wereblood                Tmut           0%         N/A       99%         2
 Spider Form              Tmut/Pois      0%         N/A       100%        3
 Ice Form                 Ice/Tmut       0%         N/A       100%        4


Dungeon Overview and Level Annotations

Branches:
Dungeon (2/15)

Altars:


Innate Abilities, Weirdness & Mutations

You cannot be hasted, slowed, berserked, paralysed or teleported.
You can dig through walls and to a lower floor.
You have a pair of large antennae on your head. (SInv)
Your four strong arms can wield two-handed weapons with a shield.


Message History

You block the giant cockroach's attack. The giant cockroach bites you.
You hit the endoplasm.
The endoplasm is severely wounded.
The endoplasm hits you but does no damage.
The giant cockroach bites you but does no damage.
You block the gnoll's attack.
You puncture the endoplasm!
You kill the endoplasm!
The giant cockroach closely misses you.
The gnoll hits you from afar with a +0 halberd!
The giant cockroach bites you.
You hit the giant cockroach.
The giant cockroach is severely wounded.
The giant cockroach barely misses you.
The gnoll hits you from afar with a +0 halberd.
You barely miss the giant cockroach.
The giant cockroach is severely wounded.
The giant cockroach completely misses you.
You block the gnoll's attack. The giant cockroach bites you.
The gnoll barely misses you.
You completely miss the giant cockroach.
The giant cockroach is severely wounded.
You block the giant cockroach's attack. The gnoll barely misses you.
Your scale mail prevents you from hitting the giant cockroach.
The giant cockroach is severely wounded.
The giant cockroach bites you.
The gnoll hits you from afar with a +0 halberd!
* * * LOW HITPOINT WARNING * * *
You block the giant cockroach's attack.
You are too injured to fight recklessly!
You are too injured to fight recklessly!
You are too injured to fight recklessly!
You are too injured to fight recklessly!
You are too injured to fight recklessly!
You are too injured to fight recklessly!
You are too injured to fight recklessly!
You are too injured to fight recklessly!
You are too injured to fight recklessly!
The gnoll hits you from afar with a +0 halberd!
You die...

#.# #..# ####.#### #..####{
#.......# ###.....# .
#.##.##.# #....##.##..
#.##.##.## #.#.........
#.##.....###..........#
##.###.#####............# #
#.........###.######.##### #
#.#.###.....@.######.### #
..........#Bggg......## ##
##..###>..#######...#.## #.
#..###...# #...##.###.
#####..#.....# #...###{##.
#......#..#..# #......{.#.
#...........#######...####...
#...#.###.#.##.......)....{#.
####....##
##...................


You could see 3 gnolls and a giant cockroach.

Vanquished Creatures
  An adder (D:2)
  2 dart slugs
  5 bats
  5 endoplasms
  3 giant cockroaches
  3 goblins
  2 hobgoblins (D:2)
  11 jackals
  2 quokkas (D:1)
  3 ball pythons (D:1)
  A frilled lizard (D:1)
  A kobold (D:1)
  8 rats (D:1)
47 creatures vanquished.

Notes
Turn   | Place    | Note
-------+----------+-------------------------------------------
     0 | D:1      | Delamore the Formicid Fighter began the quest for the Orb.
     0 | D:1      | Reached XP level 1. HP: 18/18 MP: 1/1
   318 | D:1      | Reached XP level 2. HP: 24/24 MP: 2/2
   558 | D:1      | Reached XP level 3. HP: 18/30 MP: 3/3
  1136 | D:2      | Reached XP level 4. HP: 37/37 MP: 4/4
  1190 | D:2      | Reached skill level 4 in Fighting
  1567 | D:2      | Slain by a gnoll

Illustrated notes

Levels and vault maps discovered:
D:1:      psy_arrival_radial01, layout_rooms, chequers_decorated_corner
D:2:      layout_loops_cross, shapermc_ecumenical_altar_hornbeckon,
          minmay_pentomino_x4, uniq_terence

Skill      XL: |  1  2  3  4 |
---------------+-------------+-----
Polearms       | 3 |  3.7
Fighting       | 4 |  4.0
Armour         | |  3.2
Shields        | |  3.6

Action                   |  1- 3 |  4- 6 || total
-------------------------+-------+-------++-------
Melee: Trident           |   119 |    42 ||   161
 Abil: Dig               |       |     3 ||     3
  Use: Scroll            |     2 |     2 ||     4
Armor: Scale mail        |    61 |    12 ||    73
Dodge: Dodged            |    38 |    22 ||    60
Block: Kite shield       |    74 |    32 ||   106

Table legend: (Time is in decaauts)
 A = Elapsed time spent in this place.
 B = Non-inter-level travel time spent in this place.
 C = Inter-level travel time spent in this place.
 D = Time resting spent in this place.
 E = Time spent auto-exploring this place.
 F = Levels seen in this place.
 G = Mean time per level.
                   A        B        C        D        E       F      G
               +--------+--------+--------+--------+--------+-----+--------+
         Total |   1623 |   1599 |     24 |    611 |    625 |   2 |  811.5 |
       Dungeon |   1623 |   1599 |     24 |    611 |    625 |   2 |  811.5 |
               +--------+--------+--------+--------+--------+-----+--------+

Top non-repeatable levels by time:
     D:1: 1366 daAuts
     D:2: 257 daAuts
